 Dungeon Crawl Stone Soup version 0.28-a0-1356-g2ad6d04315 (webtiles) character file.

Game seed: 17029109399886059052

132002 browni3141 the Severer (level 16, -16/155 HPs)
             Began as a Palentonga Berserker on Dec 31, 2021.
             Was a High Priest of Trog.
             Killed from afar by a spark wasp (24 damage)
             ... with a living lightning
             ... on level 2 of the Spider Nest.
             The game lasted 00:59:35 (26968 turns).

browni3141 the Severer (Palentonga Berserker)      Turns: 26968, Time: 00:59:35

Health: -16/155    AC: 43    Str: 23    XL:     16   Next: 56%
Magic:  16/16      EV: 14    Int: 11    God:    Trog [*****.]
Gold:   1335       SH:  0    Dex: 24    Spells: 15/15 levels left

rFire   x . .      SeeInvis +   J - +3 executioner's axe (flame)
rCold   + . .      Faith    .   (shield currently unavailable)
rNeg    . . .      Spirit   .   l - +5 scale mail "Yckec" {Will+ Str+3}
rPois   +          Reflect  .   P - +2 helmet of the Bells {Int+2}
rElec   .          Harm     .   O - +2 cloak {rCorr}
rCorr   +          Rampage  .   R - +0 pair of gloves
Will    ++...                   N - +4 barding {rC+}
Stlth   +.........              x - amulet of Vitality {Regen+ HP+15}
HPRegen 1.15/turn               H - ring of poison resistance
MPRegen 0.15/turn               Z - ring "Boreeniq" {rF- AC+4 Dex+7}

@: studying 2 skills, curled up
A: large, rugged brown scales 3, see invisible, deformed body, roll 1, armoured
tail, reflexive curl
a: Rolling Charge, Renounce Religion, Berserk, Trog's Hand, Brothers in Arms


You were on level 2 of the Spider Nest.
You worshipped Trog.
Trog was extremely pleased with you.
You visited 6 branches of the dungeon, and saw 27 of its levels.
You also visited: Ossuary, Bailey, Ice Cave and Volcano.

You collected 2909 gold pieces.
You spent 1574 gold pieces at shops.

Inventory:

Hand Weapons
 J - a +3 executioner's axe of flaming (weapon)
Missiles
 i - 5 curare-tipped darts
 u - 4 throwing nets
Armour
 l - the +5 scale mail "Yckec" (worn) {Will+ Str+3}
   (You bought it in a shop on level 8 of the Dungeon)

   Str:       It affects your strength (+3).
   Will:      It increases your willpower.
 N - a +4 barding of cold resistance (worn)
 O - a +2 cloak of preservation (worn)
 P - the +2 helmet of the Bells (worn) {Int+2}
   (You found it on level 5 of the Lair of Beasts)

   Int:       It affects your intelligence (+2).
 Q - a +0 buckler of cold resistance
 R - a +0 pair of gloves (worn)
 Y - a +2 plate armour of positive energy
Jewellery
 f - a ring of ice
 g - a ring of fire
 x - the amulet of Vitality (around neck) {Regen+ HP+15}
   (You acquired it in a bailey)

   [amulet of regeneration]

   HP:        It affects your health (+15).
   Regen:     It increases your rate of health regeneration.
 H - a ring of poison resistance (left hand)
 M - a ring of resist corrosion
 U - a ring of willpower
 W - the amulet of the Sunfish {Reflect +Blink SH+5 SInv}
   (You found it on level 5 of the Lair of Beasts)

   [amulet of reflection]

   It reflects blocked missile attacks.
   SInv:      It lets you see invisible.
   +Blink:    It lets you blink.
   SH:        It affects your SH (+5).
 Z - the ring "Boreeniq" (right hand) {rF- AC+4 Dex+7}
   (You bought it in a shop on level 2 of the Orcish Mines)

   [ring of protection]

   AC:        It affects your AC (+4).
   Dex:       It affects your dexterity (+7).
   rF:        It makes you vulnerable to fire.
Wands
 b - a wand of iceblast (14)
 e - a wand of paralysis (7)
 h - a wand of digging (8)
 j - a wand of mindburst (16)
 C - a wand of polymorph (6)
 X - a wand of acid (6)
Scrolls
 a - 2 scrolls of brand weapon
 d - 4 scrolls of immolation
 k - 12 scrolls of teleportation
 n - 2 scrolls of fear
 r - 7 scrolls of blinking
 t - 2 scrolls of silence
 w - 3 scrolls of torment
 y - 3 scrolls of summoning
 D - 7 scrolls of fog
 E - 5 scrolls of identify
 F - 9 scrolls of noise
 G - 6 scrolls of vulnerability
 I - a scroll of magic mapping
 T - a scroll of holy word
 V - 2 scrolls of amnesia
Potions
 c - 7 potions of curing
 m - 5 potions of attraction
 o - 3 potions of resistance
 p - 3 potions of flight
 q - 6 potions of haste
 s - 6 potions of brilliance
 v - 6 potions of mutation
 z - 5 potions of invisibility
 A - 3 potions of cancellation
 B - 4 potions of heal wounds
 K - 4 potions of magic
 L - 2 potions of might
 S - 3 potions of ambrosia


   Skills:
 + Level 13.2 Fighting
 * Level 20.2 Axes
 + Level 11.1 Armour
 + Level 11.0 Dodging
 - Level 2.4 Shields
 - Level 5.0 Evocations


You had 15 spell levels left.
You didn't know any spells.
Your spell library was empty.

Dungeon Overview and Level Annotations

Branches:
Dungeon (15/15)            Temple (1/1) D:4            Lair (6/6) D:8
  Snake (1/4) Lair:4       Spider (2/4) Lair:3        Slime (0/5) Lair:6
    Orc (2/2) D:9             Elf (0/3) Orc:2        Vaults (0/5) D:13
 Depths (0/4) D:15        Ossuary (visited)          Bailey (visited)
  IceCv (visited)         Volcano (visited)

Altars:
Fedhas
Trog
Uskayaw
Vehumet
Beogh

Shops:
D:8 [   D:13 *   Orc:1 =   Orc:2 :=*!*

Annotations:
Lair:1 2 transporters


Innate Abilities, Weirdness & Mutations

You are completely covered in rugged brown scales. (AC +3, +7% HP)
You have supernaturally acute eyesight. (SInv)
Armour fits poorly on your strangely shaped body.
You can roll at nearby foes to attack.
You have a long armoured tail.
You curl defensively after being hit. (AC +7*)


Message History

The culicivora bites you but does no damage.
The spark wasp bursts into living lightning!
The living lightning hits you!
The spark wasp blinks!
You are too injured to fight recklessly!
Unknown command.
You are too injured to fight recklessly!
Unknown command.
You barely miss the culicivora.
The culicivora is almost dead.
The culicivora bites you but does no damage.
You barely miss the culicivora.
The culicivora is almost dead.
The culicivora bites you but does no damage.
The orb spider weaves a glowing orb of energy.
The culicivora bites you but does no damage.
An orb of destruction comes into view.
Roll where?
Press: ? - help, Q - select action, (/) - cycle Dir - move target, f/p - spark wasp
Aim: a spark wasp (severely wounded)
You roll forward with a clatter of scales!
You closely miss the spark wasp.
You tail-slap the spark wasp, but do no damage.
The spark wasp is severely wounded.
You hear an angry hiss.
The spark wasp stings you. The spark wasp shocks you!
The spark wasp stings you but does no damage.
Unknown command.
Roll where?
Press: ? - help, Q - select action, (/) - cycle Dir - move target, f - orb spider, p - spark wasp
Aim: an orb spider You roll forward with a clatter of scales!
You open the orb spider like a pillowcase!!!
You burn the orb spider!
You kill the orb spider!
Trog accepts your kill. The orb of destruction hits you!!!
* * * LOW HITPOINT WARNING * * *
The spark wasp bursts into living lightning!
The living lightning hits you!!
You die...

#s................#..#
..............#......#
..........†........#.#
..........†.†#......##
...........†........#
........y○○°○.#.^...#
.......#☼.s<†.....^.####
.......?○.†>......#.#..#
.......@..#..#.......#..
...^..†○☼.........^...##
........#.^......^...##
................#....#
....................##
.....#.).......^....#
...#....)........†###
........#......^...####
..............#


You could see a spark wasp and a culicivora.

Vanquished Creatures
  Rupert (Lair:5)
  Gastronok (Orc:1)
  Roxanne (D:15)
  An orc warlord (Bailey)
  2 ghost moths (Spider:1)
  An emperor scorpion (Spider:2)
  2 stone giants
  An entropy weaver (Spider:1)
  A dire elephant (Lair:4)
  A spark wasp (Spider:2)
  The ghost of Jempith the Peltast, a journeyman MiFi of Trog (Lair:3)
  11 hydras
  Fannar (Lair:1)
  Erolcha (D:9)
  A rakshasa (D:14)
  3 boulder beetles
  4 centaur warriors
  A merfolk avatar (Lair:6)
  A radroach (Spider:1)
  6 two-headed ogres
  2 dancing weapons (D:13)
  A death knight (D:11)
  3 orc high priests (Orc:2)
  4 tengu warriors
  The ghost of croobank the Arsonist, a novice OpCA of Ignis (D:10)
  A fire crab (Lair:6)
  3 pharaoh ants
  7 steelbarb worms
  A swamp dragon (Lair:1)
  A lindwurm (Lair:6)
  2 orb spiders
  14 ugly things
  2 deep elf pyromancers
  4 orc sorcerers (Orc:2)
  5 orc knights
  4 cyclopes
  A manticore (D:14)
  10 wolf spiders
  2 moths of wrath (Lair:3)
  Joseph (D:8)
  21 elephants
  4 black mambas
  3 ice statues (IceCv)
  2 molten gargoyles (Volcano)
  2 gargoyles
  4 demonic crawlers
  2 torpor snails (Spider:1)
  20 cane toads
  2 unseen horrors
  9 rime drakes
  2 kobold demonologists
  3 freezing wraiths
  A tengu conjurer (D:14)
  8 komodo dragons
  2 ice devils (D:13)
  An efreet (Volcano)
  A troll (shapeshifter) (D:15)
  4 hornets
  8 trolls
  2 polar bears (Lair:6)
  9 tarantellas
  6 slime creatures (D:14)
  A wolf spider simulacrum (D:15)
  A wind drake (Lair:6)
  11 dream sheep
  19 blink frogs
  17 jumping spiders
  3 snapping turtles (Lair:6)
  A centaur simulacrum (D:14)
  3 wraiths
  20 culicivoras
  6 spriggans (Lair:3)
  5 shadows
  A dire elephant simulacrum (IceCv)
  A vampire (D:13)
  4 wyverns
  5 fire bats (Volcano)
  62 yaks
  5 basilisks
  A steam dragon (D:10)
  2 fire elementals (Volcano)
  16 vampire mosquitoes
  20 redbacks
  3 death yak simulacra (IceCv)
  A harpy simulacrum (IceCv)
  3 wargs
  5 swamp worms (Lair:5)
  13 water moccasins
  2 swamp drakes (Lair:1)
  2 ice beasts
  14 orc warriors
  A sky beast (D:8)
  6 ogres
  A black bear (D:8)
  3 boggarts (D:15)
  2 phantoms
  5 wolves (Lair:6)
  10 centaurs
  A kobold brigand (D:10)
  11 bullfrogs
  A gnoll sergeant (D:8)
  2 wyvern zombies
  2 scorpions
  An earth elemental (Volcano)
  3 water moccasin zombies
  An elephant simulacrum (IceCv)
  5 wights (D:10)
  3 killer bees (D:9)
  2 vampire bats (Lair:4)
  4 electric eels
  2 centaur zombies
  4 lava snakes (Volcano)
  3 human zombies (Ossuary)
  A jelly (D:3)
  2 hounds
  10 orc priests
  A gnoll shaman (D:4)
  A bullfrog skeleton (D:5)
  Terence (D:2)
  12 hell rats
  Natasha (thrice) (D:3)
  3 iguanas
  20 orc wizards
  A polar bear simulacrum (IceCv)
  3 killer bee zombies
  4 mummies (Ossuary)
  2 howler monkey zombies
  7 gnolls
  A howler monkey skeleton (D:5)
  8 adders
  3 white imps
  2 ufetubi
  5 worms
  4 dart slugs
  55 orcs
  9 ball pythons
  6 endoplasms
  A giant cockroach (D:2)
  19 goblins
  13 hobgoblins
  3 quokkas
  12 bats
  4 frilled lizards
  2 goblin zombies (Ossuary)
  15 kobolds
  A kobold zombie (Ossuary)
  2 orc zombies (Ossuary)
  5 rats
  10 briar patches (Lair:5)
798 creatures vanquished.

Vanquished Creatures (collateral kills)
  A pharaoh ant (Spider:1)
  2 jumping spiders (Spider:1)
  A redback (Spider:1)
4 creatures vanquished.

Vanquished Creatures (others)
  A bat (D:3)
  A briar patch (Lair:5)
  105 fungi
  98 plants
205 creatures vanquished.

Grand Total: 1007 creatures vanquished

Notes
Turn   | Place    | Note
-------+----------+-------------------------------------------
     0 | D:1      | browni3141 the Palentonga Berserker began the quest for the
                  | Orb.
     0 | D:1      | Reached XP level 1. HP: 19/19 MP: 1/1
   324 | D:1      | Found a faded altar of an unknown god.
   337 | D:1      | Reached XP level 2. HP: 21/25 MP: 2/2
  1041 | D:1      | Reached skill level 4 in Axes
  1232 | D:2      | Noticed Terence
  1323 | D:2      | Reached XP level 3. HP: 31/31 MP: 3/3
  1482 | D:2      | Killed Terence
  1483 | D:2      | Reached skill level 5 in Axes
  1483 | D:2      | Reached XP level 4. HP: 13/37 MP: 4/4
  1484 | D:2      | Reached ** piety under Trog
  2030 | D:3      | Noticed Natasha
  2032 | D:3      | Killed Natasha
  2098 | D:3      | Noticed Natasha
  2100 | D:3      | Killed Natasha
  2101 | D:3      | Reached XP level 5. HP: 39/43 MP: 5/5
  2164 | D:3      | Noticed Natasha
  2169 | D:3      | Killed Natasha
  2170 | D:3      | Reached skill level 1 in Shields
  2770 | D:3      | Reached skill level 6 in Axes
  2781 | D:3      | Found a blossoming altar of Fedhas.
  3168 | D:4      | Found a staircase to the Ecumenical Temple.
  3174 | D:4      | Reached XP level 6. HP: 46/50 MP: 6/6
  3365 | D:4      | Reached *** piety under Trog
  3996 | D:4      | Reached skill level 7 in Axes
  4106 | D:5      | Entered Level 5 of the Dungeon
  4165 | D:5      | Gained mutation: You curl defensively after being hit. (AC
                  | +7*) [Palentonga growth]
  4165 | D:5      | Reached XP level 7. HP: 34/55 MP: 7/7
  4272 | D:5      | Found a sand-covered staircase.
  4326 | Ossuary  | Entered an ossuary
  4763 | Ossuary  | Reached skill level 8 in Axes
  5358 | D:5      | Reached skill level 9 in Axes
  6177 | D:6      | Reached XP level 8. HP: 62/62 MP: 8/8
  6426 | D:6      | Reached skill level 10 in Axes
  6905 | D:6      | You fall into a shaft and drop 1 floor!
  7021 | D:7      | Reached skill level 11 in Axes
  7173 | D:7      | Found a flagged portal.
  7188 | Bailey   | Entered a bailey
  7193 | Bailey   | Noticed an orc warlord
  7196 | Bailey   | Reached **** piety under Trog
  7241 | Bailey   | Reached XP level 9. HP: 43/67 MP: 9/9
  7349 | Bailey   | Acquired the amulet of Vitality {Regen+ HP+15}
  7349 | Bailey   | Found the amulet of Vitality {Regen+ HP+15}
  7373 | Bailey   | Found a runed translucent gate.
  7373 | Bailey   | Found a runed translucent gate.
  7373 | Bailey   | Found a runed translucent gate.
  7678 | Bailey   | Killed an orc warlord
  7679 | Bailey   | Reached skill level 13 in Axes
  7725 | D:7      | Acquired a +2 barding of cold resistance
  8557 | D:8      | Reached skill level 14 in Axes
  8563 | D:8      | Reached XP level 10. HP: 74/74 MP: 10/10
  8591 | D:8      | Noticed Joseph
  8664 | D:8      | Found Xiqurorch's Antique Armour Emporium.
  8705 | D:8      | Killed Joseph
  8706 | D:8      | Reached skill level 1 in Evocations
  8732 | D:8      | Noticed a six-headed hydra
  9022 | D:9      | Noticed a deep elf pyromancer
  9028 | D:9      | Killed a deep elf pyromancer
  9084 | D:9      | Noticed a gargoyle
  9091 | D:9      | Killed a gargoyle
  9175 | D:8      | Found a staircase to the Lair.
  9220 | D:8      | Noticed an elephant
  9232 | D:8      | Killed an elephant
  9595 | D:8      | Killed a six-headed hydra
  9692 | D:9      | Found a staircase to the Orcish Mines.
  9704 | D:9      | Noticed Erolcha
  9720 | D:9      | Killed Erolcha
  9721 | D:9      | Reached XP level 11. HP: 83/83 MP: 11/11
  9758 | D:9      | Reached skill level 15 in Axes
  9922 | Orc:1    | Entered Level 1 of the Orcish Mines
  9922 | Orc:1    | Noticed Gastronok
  9930 | Orc:1    | Killed Gastronok
 10160 | Orc:2    | Entered Level 2 of the Orcish Mines
 10161 | Orc:2    | Found a staircase to the Elven Halls.
 10203 | Orc:2    | Found Fimor's General Store.
 10229 | Orc:2    | Noticed a two-headed ogre
 10239 | Orc:2    | Killed a two-headed ogre
 10240 | Orc:2    | Reached skill level 5 in Fighting
 10240 | Orc:2    | Reached skill level 5 in Evocations
 10482 | Orc:2    | Noticed an orc sorcerer
 10492 | Orc:2    | Killed an orc sorcerer
 10496 | Orc:2    | Found Ysoasax's Book Shoppe.
 10511 | Orc:2    | Noticed an orc high priest
 10517 | Orc:2    | Noticed an orc high priest
 10520 | Orc:2    | Killed an orc high priest
 10528 | Orc:2    | Noticed an orc high priest
 10529 | Orc:2    | Killed an orc high priest
 10535 | Orc:2    | Noticed a sun demon
 10535 | Orc:2    | Noticed an orc sorcerer
 10537 | Orc:2    | Killed an orc high priest
 10537 | Orc:2    | Noticed an orc knight
 10539 | Orc:2    | Noticed an orc knight
 10658 | Orc:2    | Noticed an orc sorcerer
 10682 | Orc:2    | Killed an orc knight
 10683 | Orc:2    | Killed an orc knight
 10757 | Orc:2    | Found a radiant altar of Vehumet.
 10887 | Orc:2    | Killed an orc sorcerer
 10895 | Orc:2    | Noticed an orc knight
 10909 | Orc:2    | Killed an orc knight
 10910 | Orc:2    | Reached skill level 16 in Axes
 10910 | Orc:2    | Reached skill level 5 in Armour
 10910 | Orc:2    | Reached XP level 12. HP: 94/94 MP: 12/12
 10986 | Orc:2    | Reached skill level 5 in Dodging
 11170 | Orc:2    | Found Maek's Jewellery Shoppe.
 11171 | Orc:2    | Found Qeonekk's Distillery.
 11171 | Orc:2    | Found Matidghov's Assorted Antiques.
 11210 | Orc:2    | Bought a potion of heal wounds for 75 gold pieces
 11210 | Orc:2    | Bought a potion of curing for 45 gold pieces
 11210 | Orc:2    | Bought a potion of invisibility for 120 gold pieces
 11210 | Orc:2    | Bought 2 potions of curing for 90 gold pieces
 11210 | Orc:2    | Bought a potion of heal wounds for 75 gold pieces
 11210 | Orc:2    | Bought a potion of curing for 45 gold pieces
 11275 | Orc:2    | Bought the ring "Boreeniq" {rF- AC+4 Dex+7} for 608 gold
                  | pieces
 11360 | Orc:1    | Found Wetun's Jewellery Shoppe.
 11688 | D:10     | Entered Level 10 of the Dungeon
 11911 | D:10     | Noticed a two-headed ogre
 11916 | D:10     | Killed a two-headed ogre
 12019 | D:10     | Found a runed translucent gate.
 12020 | D:10     | Found a runed translucent gate.
 12021 | D:10     | Found a runed translucent gate.
 12024 | D:10     | Noticed croobank's ghost (novice OpCA)
 12365 | D:10     | Found a hide-covered altar of Uskayaw.
 12950 | D:10     | Killed croobank's ghost
 13239 | D:11     | Noticed a death knight
 13239 | D:11     | Noticed a tengu warrior
 13254 | D:11     | Noticed a two-headed ogre
 13434 | Lair:1   | Entered Level 1 of the Lair of Beasts
 13985 | Lair:1   | Noticed Fannar
 13997 | Lair:1   | Killed Fannar
 13998 | Lair:1   | Reached skill level 17 in Axes
 14040 | Lair:1   | Found a transporter.
 14071 | Lair:1   | Found a transporter.
 14495 | Lair:2   | Noticed a seven-headed hydra
 14501 | Lair:2   | Killed a nine-headed hydra
 14502 | Lair:2   | Reached XP level 13. HP: 91/104 MP: 13/13
 14731 | Lair:2   | Found a dark tunnel.
 14741 | Volcano  | Entered a volcano
 14956 | Volcano  | Found a bloodstained altar of Trog.
 15061 | Volcano  | Noticed a stone giant
 15087 | Volcano  | Killed a stone giant
 16169 | Lair:3   | Noticed Jempith's ghost (journeyman MiFi)
 16195 | Lair:3   | Found a transporter.
 16195 | Lair:3   | Found a transporter.
 16214 | Lair:3   | Found a bloodstained altar of Trog.
 16346 | Lair:3   | Found a hole to the Spider Nest.
 16865 | Lair:3   | Killed Jempith's ghost
 16866 | Lair:3   | Reached skill level 18 in Axes
 17129 | Lair:4   | Identified the +2 leather armour "Fyennoa" {Will+ Dex-2
                  | SInv}
 17154 | Lair:4   | Found a staircase to the Snake Pit.
 17346 | Lair:4   | Reached ***** piety under Trog
 17536 | Lair:4   | Noticed a dire elephant
 17544 | Lair:4   | Reached XP level 14. HP: 115/115 MP: 14/14
 17831 | Snake:1  | Entered Level 1 of the Snake Pit
 18016 | Lair:5   | Noticed Rupert
 18043 | Lair:5   | Killed Rupert
 18320 | Lair:5   | Found a transporter.
 18717 | Lair:5   | Found a transporter.
 18942 | Lair:5   | Identified the +2 helmet of the Bells {Int+2}
 18956 | Lair:5   | Identified the amulet of the Sunfish {Reflect +Blink SH+5
                  | SInv}
 18974 | Lair:6   | Entered Level 6 of the Lair of Beasts
 18983 | Lair:6   | Reached skill level 10 in Fighting
 18995 | Lair:6   | Reached skill level 19 in Axes
 19040 | Lair:6   | Received a gift from Trog
 19457 | Lair:6   | Found a staircase to the Slime Pits.
 19778 | Lair:6   | Reached XP level 15. HP: 125/125 MP: 15/15
 19790 | Lair:6   | Received a gift from Trog
 20491 | Temple   | Entered the Ecumenical Temple
 22155 | D:13     | Found a frozen archway.
 22177 | IceCv    | Entered an ice cave
 22343 | IceCv    | Reached skill level 20 in Axes
 22605 | D:13     | Found a gate to the Vaults.
 22910 | D:13     | Found Tosua's Assorted Antiques.
 23316 | D:14     | Identified the +2 plate armour "Urphoppox" {Dex+3 Stlth+}
 23711 | D:14     | Received a gift from Trog
 23961 | D:15     | Entered Level 15 of the Dungeon
 24024 | D:15     | Reached skill level 10 in Armour
 24244 | D:15     | Reached skill level 10 in Dodging
 24343 | D:15     | Noticed Roxanne
 24363 | D:15     | Killed Roxanne
 24461 | D:15     | Found a staircase to the Depths.
 25023 | Spider:1 | Entered Level 1 of the Spider Nest
 25245 | Orc:1    | Bought a ring of poison resistance for 300 gold pieces
 25316 | D:8      | Bought a polished scale mail for 216 gold pieces
 25316 | D:8      | Identified the +5 scale mail "Yckec" {Will+ Str+3} (You
                  | bought it in a shop on level 8 of the Dungeon)
 25442 | Spider:1 | Noticed a ghost moth
 25453 | Spider:1 | Killed a ghost moth
 25454 | Spider:1 | Reached XP level 16. HP: 135/135 MP: 0/16
 26570 | Spider:2 | Received a gift from Trog
 26968 | Spider:2 | Killed from afar by a spark wasp

Illustrated notes

Levels and vault maps discovered:
D:1:      minmay_arrival_split_and_join, layout_loops_corners,
          basic_ecumenical_altar
D:2:      layout_rooms, uniq_terence
D:3:      layout_basic, fedhas_altar_2, st_stairs_2, uniq_natasha
D:4:      layout_gridville, minmay_temple_entry_statues_pillars,
          eino_small_chamber_without_monster
D:5:      layout_loops_ring, enter_ossuary_1
D:6:      layout_basic, dk_vineyard_2
D:7:      layout_basic, enter_bailey_3, minivault_25, serial_park_tiny_1
D:8:      nicolae_cairo_tiling_large_dashed, layout_loops_cross,
          david_lair_generic, serial_shops, nicolae_stop_n_shop_1,
          chequers_hall_statues_corner_a, uniq_joseph
D:9:      layout_cave_pools, corexii_checkpoint_a, guppyfry_early_elven_hall,
          uniq_erolcha
D:10:     layout_grid_maze, nicolae_uskayaw_dance_studio,
          gammafunk_ghost_spectres
D:11:     layout_gridville
D:12:     layout_irregular_city, grunt_ministairs_9
D:13:     layout_gridville, erik_vaults_1, serial_shops, shop,
          portal_ice_cave_demonic_guard
D:14:     layout_basic
D:15:     grunt_enter_depths_snipers, layout_irregular_city,
          minmay_misc_feat_four_crosses, uniq_roxanne
Temple:   mainiacjoe_temple_big_plus
Lair:1:   gammafunk_cloud_chamber, layout_regular_city, serial_bayou_pond_b,
          minmay_holes, pond, infiniplex_staircase_pool_2, uniq_fannar
Lair:2:   layout_loops_ring, lightli_volcano_entry_magma_tube,
          grunt_megastairs_2
Lair:3:   layout_chaotic_city, spider_nest_entry_webs,
          gammafunk_ghost_wrathful_warriors, serial_bayou_lake_a
Lair:4:   mu_elephants_graveyard, layout_regular_city, roderic_batcave,
          cheibrodos_lair_caveside_slide, serial_bayou_shore_b
Lair:5:   gammafunk_worm_tunnel, layout_loops_ring,
          chequers_serial_rivers_marsh, lemuel_fruit_fields, grunt_megastairs_4,
          uniq_rupert
Lair:6:   gammafunk_lair_ancient_temple, layout_cave_shapes,
          dpeg_slime_entry_corner, serial_bayou_shore_b
Snake:1:  layout_chambers, st_stairs_1, uniq_jorgrun
Spider:1: layout_cave_pods
Spider:2: layout_spider_delve
Orc:1:    layout_caves, basic_altar, serial_shops, shop, uniq_gastronok
Orc:2:    st_orc_elflike, layout_diamond_mine, serial_shops,
          nicolae_shop_competitors_out_of_business, basic_altar

Skill      XL: |  1  2  3  4  5  6  7  8  9 10 11 12 13 14 15 16 |
---------------+-------------------------------------------------+-----
Axes           | 4 5 6 7 9 11 14 16 17 18 19 20 | 20.2
Shields        | 2 |  2.4
Evocations     | 4 5 |  5.0
Armour         | 3 5 6 7 8 10 11 | 11.1
Dodging        | 3 4 6 7 8 10 11 | 11.0
Fighting       | 4 6 7 9 10 12 13 | 13.2

Action                   |  1- 3 |  4- 6 |  7- 9 | 10-12 | 13-15 | 16-18 || total
-------------------------+-------+-------+-------+-------+-------+-------++-------
Melee: Hand axe          |    82 |    56 |       |       |       |       ||   138
       Tailslap          |     5 |    21 |    36 |    71 |   239 |    42 ||   414
       War axe           |       |    93 |   202 |       |       |       ||   295
       Broad axe         |       |       |    75 |   181 |       |       ||   256
       Battleaxe         |       |       |       |   235 |  1080 |   151 ||  1466
       Executioner's axe |       |       |       |       |       |    78 ||    78
Throw: Dart              |       |       |       |     3 |     3 |       ||     6
Invok: Berserk           |     2 |     2 |    12 |    20 |    31 |     4 ||    71
       Brothers in Arms  |       |       |     1 |       |       |       ||     1
       Trog's Hand       |       |       |       |     5 |     1 |       ||     6
 Abil: Rolling Charge    |    24 |    34 |    40 |    74 |   137 |    18 ||   327
Evoke: Wand              |       |       |       |    13 |    23 |       ||    36
  Use: Scroll            |       |     1 |    11 |    14 |    18 |     2 ||    46
       Potion            |       |       |       |     2 |     3 |     1 ||     6
 Stab: Sleeping          |     1 |       |     1 |       |       |       ||     2
       Paralysed         |       |       |       |     9 |       |       ||     9
Armor: Animal skin       |    29 |    26 |    25 |       |       |       ||    80
       Scale mail        |       |       |    38 |    20 |     5 |   252 ||   315
       Leather armour    |       |       |       |   180 |    93 |       ||   273
       Ring mail         |       |       |       |       |   533 |       ||   533
Dodge: Dodged            |    33 |    43 |    80 |   165 |   500 |   206 ||  1027
Block: Buckler           |     2 |    19 |    45 |    23 |       |       ||    89

Table legend: (Time is in decaauts)
 A = Elapsed time spent in this place.
 B = Non-inter-level travel time spent in this place.
 C = Inter-level travel time spent in this place.
 D = Time resting spent in this place.
 E = Time spent auto-exploring this place.
 F = Levels seen in this place.
 G = Mean time per level.
                   A        B        C        D        E       F      G
               +--------+--------+--------+--------+--------+-----+--------+
         Total |  27452 |  25025 |   2427 |   3357 |  16487 |  31 |  885.5 |
       Dungeon |  15360 |  13824 |   1536 |   1593 |   9927 |  15 | 1024.0 |
        Temple |      1 |      1 |      0 |      0 |      0 |   1 |    1.0 |
          Lair |   6882 |   6209 |    673 |    805 |   4018 |   6 | 1147.0 |
     Snake Pit |     20 |     20 |      0 |      0 |      0 |   1 |   20.0 |
   Spider Nest |   1573 |   1540 |     33 |    409 |    779 |   2 |  786.5 |
  Orcish Mines |   1799 |   1616 |    183 |    139 |   1066 |   2 |  899.5 |
       Ossuary |    555 |    555 |      0 |    143 |    275 |   1 |  555.0 |
        Bailey |    563 |    563 |      0 |     92 |    297 |   1 |  563.0 |
      Ice Cave |    276 |    276 |      0 |     82 |     22 |   1 |  276.0 |
       Volcano |    419 |    419 |      0 |     92 |    102 |   1 |  419.0 |
               +--------+--------+--------+--------+--------+-----+--------+

Top non-repeatable levels by time:
    D:10: 1708 daAuts
  Lair:3: 1579 daAuts
     D:1: 1508 daAuts
Spider:1: 1422 daAuts
  Lair:6: 1321 daAuts
     D:5: 1290 daAuts
     D:4: 1258 daAuts
   Orc:2: 1258 daAuts
     D:3: 1167 daAuts
     D:6: 1129 daAuts
  Lair:5: 1106 daAuts
  Lair:1: 1066 daAuts
     D:7: 1039 daAuts
    D:11: 958 daAuts
     D:8: 954 daAuts
